[Event "Monday 23 April Rapid Engine Tour 12+1 Rounds 9 Starts 1600ST"]
[Site "Infinity Chess"]
[Date "2018.4.23"]
[Round "3"]
[White "Katzenmaier"]
[Black "Thinker"]
[Result "1/2-1/2 "]
[ECO "D05"]
[WhiteElo "2497"]
[BlackElo "2466"]
[WhiteEngine "Raubfisch X36d1"]
[BlackEngine "BrainFish_180418_x64_modern_CTG"]
[EventType "Swiss"]
[WhiteTeam ""]
[BlackTeam ""]
[PlyCount "214"]
[TimeControl "720+1"]

1. d4 d5 2. Nf3 Nf6 3. e3 e6 4. b3 c5 5. Bb2 Nc6 6. Bd3 cxd4 7. exd4 Bd6 
8. Nbd2 O-O 9. O-O b6 10. a3 Bb7 11. Ne5 Ne7 12. Qe2 Rc8 13. Rae1 Rc7 14. c3 g6 
15. a4 Nf5 16. g3 h5 17. f3 Kg7 18. b4 Nd7 19. Rf2 Nf6 20. b5 Nh7 21. Rff1 Re8 
22. Nb3 Ng5 23. a5 Rf8 24. Bb1 Ba8 25. axb6 axb6 26. Nd2 f6 27. Nc6 Bxc6 
28. bxc6 Nxg3 29. hxg3 Bxg3 30. Kh1 f5 31. Kg2 Bxe1 32. Qxe1 Rxc6 33. f4 Ne4 
34. Nf3 Qd6 35. Ne5 Rc7 36. Rg1 Kh7 37. Bd3 Rg8 38. Kh1 b5 39. Rg2 Rb7 
40. Kg1 Qe7 41. Kh1 Rg7 42. Nf3 Kh8 43. Qc1 Qc7 44. Ne5 Kg8 45. Qe3 Qd8 
46. Nf3 Qe7 47. Qc1 Qc7 48. Ne5 Qe7 49. Nf3 Qc7 50. Ne5 Qd8 51. Nf3 Rbc7 
52. Qe3 Qe8 53. Qe1 Ra7 54. Kh2 Ra2 55. Qb1 Ra6 56. Qe1 Raa7 57. Ne5 Ra2 
58. Qb1 Ra8 59. Qc1 Qe7 60. Nf3 Qc7 61. Ne5 Qe7 62. Nf3 Ra2 63. Kh3 Qc7 
64. Ne5 Kh7 65. Kh2 Qc8 66. Kg1 Kg8 67. Bb1 Raa7 68. Bd3 Qf8 69. Kh2 h4 
70. Rg1 Qf6 71. Nf3 Qd8 72. Ne5 Qf6 73. Nf3 h3 74. Bb1 Qd8 75. Kh1 Nf2+ 
76. Kh2 Ng4+ 77. Kh1 Qd6 78. Qd2 Qc7 79. Qe2 Ra6 80. Qd2 Qc4 81. Nh2 Nf6 
82. Nf3 Ng4 83. Nh2 Nf6 84. Nf3 h2 85. Re1 Ne4 86. Qg2 Qc7 87. Bxe4 dxe4 
88. Ng5 Qxf4 89. c4 bxc4 90. d5 Ra2 91. Nxe6 Qh4 92. Rc1 c3 93. Rxc3 Qe1+ 
94. Kxh2 Qxc3 95. Bxc3 Rxg2+ 96. Kxg2 Rd7 97. Nf4 g5 98. Ne6 Rxd5 99. Nxg5 Rd3 
100. Be5 Kf8 101. Ne6+ Ke7 102. Nf4 Ra3 103. Kf2 Rf3+ 104. Ke2 Kd7 105. Kd1 Rf2 
106. Ke1 Rh2 107. Bd4 Kc8 1/2-1/2

[Event "Monday 23 April Rapid Engine Tour 12+1 Rounds 9 Starts 1600ST"]
[Site "Infinity Chess"]
[Date "2018.4.23"]
[Round "3"]
[White "KRAKEN"]
[Black "MarioDeMonti"]
[Result "1-0"]
[ECO "E73"]
[WhiteElo "2525"]
[BlackElo "2484"]
[WhiteEngine "Raubfisch ME262_GTZ17b1_CTG"]
[BlackEngine "stockfish_x64_bmi2_2018_02_18_CTG"]
[EventType "Swiss"]
[WhiteTeam ""]
[BlackTeam ""]
[PlyCount "167"]
[TimeControl "720+1"]

1. d4 Nf6 2. c4 g6 3. Nc3 Bg7 4. e4 d6 5. Be2 O-O 6. Nf3 e5 7. O-O Nc6 8. d5 Ne7 
9. Ne1 Ne8 10. Be3 f5 11. f3 f4 12. Bf2 g5 13. c5 dxc5 14. Bxc5 b6 15. Ba3 Nd6 
16. Rc1 a6 17. b3 Rf6 18. Nd3 Rg6 19. Nf2 h5 20. Bb2 Bb7 21. a4 c6 22. Bd3 Bc8 
23. Ba3 Bd7 24. h3 Kh8 25. Be2 cxd5 26. Nxd5 Nc6 27. Bb2 b5 28. Nd3 Kh7 
29. Nc5 Bc8 30. Rf2 Rb8 31. Nd3 Nf7 32. axb5 axb5 33. Rc2 Bd7 34. Nc5 Be8 
35. Rf1 Nd4 36. Bxd4 exd4 37. Qd2 Ne5 38. Nd3 Rc6 39. Ra2 Rd6 40. Rc1 Kh8 
41. h4 Nxd3 42. Bxd3 Be5 43. Ra7 gxh4 44. Re7 Rxd5 45. Re6 Bd7 46. exd5 Bxe6 
47. dxe6 Rc8 48. Rxc8 Qxc8 49. Qb4 Bf6 50. Bxb5 Qd8 51. Qc5 Kg7 52. Qxh5 Qe7 
53. Bc4 h3 54. gxh3 Kf8 55. Kf1 d3 56. Qh6+ Qg7 57. Qxf4 Qg6 58. h4 d2 
59. Qxd2 Qf5 60. Qh6+ Ke8 61. Kg2 Qc2+ 62. Kg3 Qf5 63. h5 Ke7 64. Qe3 Be5+ 
65. Kf2 Bb8 66. h6 Qa5 67. Ke2 Ba7 68. Qf4 Qa2+ 69. Qd2 Qxd2+ 70. Kxd2 Bd4 
71. b4 Kd6 72. h7 Ba1 73. b5 Bb2 74. b6 Be5 75. b7 Kc7 76. b8=B+ Kxb8 77. e7 Ba1 
78. e8=Q+ Kb7 79. Qd7+ Kb6 80. Qd6+ Kb7 81. Ba6+ Ka7 82. Qc6 Bc3+ 83. Kxc3 Kb8 
84. Qb7# 1-0

[Event "Monday 23 April Rapid Engine Tour 12+1 Rounds 9 Starts 1600ST"]
[Site "Infinity Chess"]
[Date "2018.4.23"]
[Round "2"]
[White "Mr Aj"]
[Black "star99"]
[Result "1-0"]
[ECO "D30"]
[WhiteElo "2429"]
[BlackElo "2496"]
[WhiteEngine "Houdini 6_CTG"]
[BlackEngine "Cryptic Heroes 9.4B"]
[EventType "Swiss"]
[WhiteTeam ""]
[BlackTeam ""]
[PlyCount "225"]
[TimeControl "720+1"]

1. d4 d5 2. c4 e6 3. Nf3 Be7 4. e3 Nf6 5. Nc3 O-O 6. a3 c5 7. cxd5 Nxd5 
8. Bd3 Nxc3 9. bxc3 Nc6 10. Bb2 b6 11. Qc2 h6 12. Rd1 Qc7 13. O-O Na5 
14. Qe2 Bb7 15. Ne5 Bd6 16. f4 Rad8 17. h3 f5 18. Kh2 Qc8 19. a4 Bxe5 
20. fxe5 Bc6 21. Rf4 Bxa4 22. Rg1 Bc6 23. e4 g5 24. Rff1 fxe4 25. Bxe4 Rxf1 
26. Rxf1 Rf8 27. Rf6 Rxf6 28. exf6 Bxe4 29. Qxe4 Kf7 30. Qh7+ Kxf6 31. Qxh6+ Kf7 
32. Qxg5 Qc7+ 33. Kg1 cxd4 34. cxd4 Qd6 35. h4 Qb4 36. Qf4+ Ke8 37. Bc1 Nc6 
38. Be3 a5 39. Kh2 Ne7 40. Qe5 Kd7 41. h5 a4 42. h6 Qd6 43. Qxd6+ Kxd6 
44. h7 Ng6 45. Kh3 Ke7 46. d5 exd5 47. Bxb6 Kf6 48. Bd4+ Kf5 49. Kg3 Ke4 
50. Bf6 d4 51. Kg4 d3 52. Bc3 Nh8 53. Kg5 Kd5 54. Bxh8 d2 55. Bf6 d1=Q 
56. h8=Q Qd2+ 57. Kh5 Qe2+ 58. Kh6 Kd6 59. Qb8+ Kc6 60. Qc8+ Kd6 61. g4 a3 
62. Bg7 Qd2+ 63. Kg6 Qd3+ 64. Qf5 Qe2 65. Bf8+ Kc7 66. Bxa3 Qa6+ 67. Kg7 Qxa3 
68. g5 Qb2+ 69. Qf6 Qg2 70. g6 Qe4 71. Kf7 Kd7 72. Kg8 Qa8+ 73. Qf8 Qe4 
74. g7 Qe5 75. Qf7+ Kd8 76. Qg6 Qf4 77. Qh5 Ke7 78. Kh8 Qd4 79. Qf5 Qh4+ 
80. Qh7 Qd4 81. Qh5 Kd8 82. Qh3 Qe5 83. Kh7 Qe4+ 84. Kh6 Qc6+ 85. Kg5 Qc1+ 
86. Kf6 Qa1+ 87. Kg6 Qg1+ 88. Kh7 Qb1+ 89. Kh8 Qb2 90. Qd3+ Kc7 91. Qf3 Kd8 
92. Kh7 Qc2+ 93. Kh6 Qc1+ 94. Kg6 Qg1+ 95. Kf7 Qa7+ 96. Kg8 Qg1 97. Qf6+ Ke8 
98. Kh7 Qh1+ 99. Qh6 Qb7 100. Qg6+ Kd8 101. Qd6+ Kc8 102. Qf8+ Kc7 
103. g8=Q Kb6+ 104. Qgf7 Qxf7+ 105. Qxf7 Kb5 106. Qc7 Kb4 107. Kg6 Ka3 
108. Qb6 Ka2 109. Kf5 Ka1 110. Ke4 Ka2 111. Kd3 Ka3 112. Kc3 Ka2 113. Qb2# 1-0

[Event "Monday 23 April Rapid Engine Tour 12+1 Rounds 9 Starts 1600ST"]
[Site "Infinity Chess"]
[Date "2018.4.23"]
[Round "2"]
[White "KhalidOmar"]
[Black "beka"]
[Result "1-0"]
[ECO "A20"]
[WhiteElo "2433"]
[BlackElo "2344"]
[WhiteEngine "Eman 1.70-beta24 64-bit BMI2"]
[BlackEngine "Eman 1.70-beta21 64-bit"]
[EventType "Swiss"]
[WhiteTeam ""]
[BlackTeam ""]
[PlyCount "139"]
[TimeControl "720+1"]

1. c4 e5 2. g3 Nf6 3. Bg2 h6 4. Nf3 Nc6 5. Nc3 Bb4 6. Nd5 Ba5 7. Qa4 Bb6 
8. d3 O-O 9. Nxb6 cxb6 10. b4 d6 11. b5 Na5 12. O-O Re8 13. e4 a6 14. Qb4 axb5 
15. cxb5 Be6 16. Be3 Ng4 17. Bd2 Rc8 18. h3 Nf6 19. Be3 Rc2 20. Qa4 Rc3 
21. Rfd1 Rc8 22. Qa3 Ra8 23. Qb4 Rc8 24. Re1 Rf8 25. Kh2 Rc2 26. Qa3 Ne8 
27. Rec1 Rxc1 28. Rxc1 f5 29. exf5 Rxf5 30. Nh4 Rf7 31. d4 g5 32. d5 Bd7 
33. Nf3 Bf5 34. Nd2 Nf6 35. Qb4 Bg6 36. Kg1 Bf5 37. g4 Bg6 38. h4 Rc7 
39. Rxc7 Qxc7 40. hxg5 hxg5 41. Bxg5 Ne8 42. Be4 Bxe4 43. Qxe4 Qf7 44. Qd3 Nc7 
45. Ne4 Nxd5 46. Qxd5 Qxd5 47. Nf6+ Kf7 48. Nxd5 Nc4 49. Nc7 Kg6 50. Bc1 e4 
51. Kg2 Kf6 52. Kg3 Ke5 53. Bf4+ Kf6 54. Ne8+ Ke6 55. Nxd6 Nxd6 56. Bxd6 Kxd6 
57. Kf4 Kd5 58. g5 Ke6 59. Kxe4 Ke7 60. Kf5 Kd6 61. g6 Kc5 62. g7 Kxb5 
63. Ke5 Kc6 64. g8=Q Kc7 65. Qg6 Kb8 66. Kd6 b5 67. Qe8+ Ka7 68. Kc7 b6 
69. a3 b4 70. Qa4# 1-0

[Event "Monday 23 April Rapid Engine Tour 12+1 Rounds 9 Starts 1600ST"]
[Site "Infinity Chess"]
[Date "2018.4.23"]
[Round "2"]
[White "OlivierEvan"]
[Black "angriff"]
[Result "1/2-1/2"]
[ECO "D31"]
[WhiteElo "2393"]
[BlackElo "2401"]
[WhiteEngine "Houdini 6"]
[BlackEngine "DracoREX 3.07 64BIT POPCNT_CTG"]
[EventType "Swiss"]
[WhiteTeam ""]
[BlackTeam ""]
[PlyCount "130"]
[TimeControl "720+1"]

1. d4 d5 2. c4 e6 3. Nc3 c6 4. Nf3 Nf6 5. e3 Nbd7 6. Qc2 Bd6 7. Bd3 O-O 
8. O-O dxc4 9. Bxc4 a6 10. Rd1 b5 11. Bd3 Bb7 12. Ng5 h6 13. Nge4 Bc7 14. a3 Qe7 
15. b4 a5 16. bxa5 Bxa5 17. Bb2 Rfc8 18. Rac1 Nd5 19. Qb3 Re8 20. g3 Rec8 
21. Bb1 Bb6 22. Nd2 Rd8 23. h4 Rac8 24. Nxd5 exd5 25. a4 b4 26. e4 Nf8 
27. exd5 cxd5 28. Nf3 Rc7 29. Re1 Qd6 30. Bd3 Rxc1 31. Bxc1 Ne6 32. Qb2 Rc8 
33. Bd2 Rc4 34. Re3 Qc6 35. Bxb4 Bxd4 36. Nxd4 Nxd4 37. Ba3 Ne6 38. Re1 Rc3 
39. Bb5 Qc7 40. Bd6 Rc2 41. Qb1 Qc3 42. Bb4 Qb2 43. Bd3 Rxf2 44. Qxb2 Rxb2 
45. Rb1 Rxb1+ 46. Bxb1 Nd4 47. Kf2 Nc6 48. Bc5 g6 49. Bd3 Kg7 50. Bb6 Kf6 
51. Bb5 Ke5 52. a5 Nb4 53. Ke3 Ba6 54. Be8 Ke6 55. Bc5 Nd3 56. Ba3 Ke5 
57. Bf8 d4+ 58. Kd2 Kf5 59. Bg7 Ne5 60. Bxe5 Kxe5 61. Bxf7 Kf5 62. Be8 Kg4 
63. Bxg6 h5 64. Be8 Kxg3 65. Bxh5 Kxh4 1/2-1/2

[Event "Monday 23 April Rapid Engine Tour 12+1 Rounds 9 Starts 1600ST"]
[Site "Infinity Chess"]
[Date "2018.4.23"]
[Round "2"]
[White "MedusaV3"]
[Black "ocirema"]
[Result "1/2-1/2"]
[ECO "A46"]
[WhiteElo "2410"]
[BlackElo "2425"]
[WhiteEngine "Eman 1.70-beta23 64-bit BMI2_CTG"]
[BlackEngine "Eman 1.70-beta21 64-bit POPCNT_CTG"]
[EventType "Swiss"]
[WhiteTeam ""]
[BlackTeam ""]
[PlyCount "74"]
[TimeControl "720+1"]

1. d4 Nf6 2. Nf3 d5 3. c4 e6 4. g3 Bb4+ 5. Bd2 Be7 6. Bg2 O-O 7. O-O h6 
8. Qc2 a5 9. Ne5 c6 10. e3 Nbd7 11. f4 c5 12. a4 dxc4 13. Qxc4 cxd4 14. exd4 Qb6 
15. Nc3 Qxb2 16. Qe2 Qb6 17. Nb5 Bb4 18. Rac1 Bxd2 19. Qxd2 Nxe5 20. fxe5 Nd5 
21. Bxd5 exd5 22. Nc7 Rb8 23. Nxd5 Qe6 24. Nf4 Qd7 25. d5 b5 26. Qxa5 bxa4 
27. e6 fxe6 28. Nxe6 Rxf1+ 29. Rxf1 Bb7 30. Qb4 a3 31. Rf5 a2 32. Rf8+ Rxf8 
33. Qxf8+ Kh7 34. Qf5+ Kh8 35. Qf8+ Kh7 36. Qf5+ Kg8 37. Qf8+ Kh7 1/2-1/2

[Event "Monday 23 April Rapid Engine Tour 12+1 Rounds 9 Starts 1600ST"]
[Site "Infinity Chess"]
[Date "2018.4.23"]
[Round "2"]
[White "Vimtiroba"]
[Black "hafaba"]
[Result "1/2-1/2"]
[ECO "B90"]
[WhiteElo "2434"]
[BlackElo "2440"]
[WhiteEngine "AsmFish A10_CTG"]
[BlackEngine "Eman 1.70-beta21 64-bit POPCNT_CTG"]
[EventType "Swiss"]
[WhiteTeam ""]
[BlackTeam ""]
[PlyCount "155"]
[TimeControl "720+1"]

1. e4 c5 2. Nf3 d6 3. d4 cxd4 4. Nxd4 Nf6 5. Nc3 a6 6. Be3 e5 7. Nb3 Be6 
8. h3 Be7 9. f4 Nc6 10. f5 Bxb3 11. axb3 Nb4 12. g3 Qc8 13. Rh2 O-O 14. Rd2 d5 
15. Nxd5 Nbxd5 16. exd5 Ne4 17. d6 Bxd6 18. Rxd6 Nxd6 19. Qxd6 Qxc2 20. Rd1 Rac8 
21. Qd5 Qxb2 22. Be2 b5 23. f6 Rc2 24. Bd3 Rh2 25. Kf1 Rxh3 26. fxg7 Kxg7 
27. Be4 Rxg3 28. Bd4 Qxb3 29. Bxe5+ Kg8 30. Bxg3 Qxg3 31. Qf5 Qg6 32. Qf4 Qg7 
33. Rd6 Qa1+ 34. Kf2 Kh8 35. Qf5 Qg7 36. Rxa6 Rg8 37. Ke1 Re8 38. Kf1 Rg8 
39. Ke2 Qb2+ 40. Kf1 Qc1+ 41. Ke2 Qb2+ 42. Kf3 Rg6 43. Rxg6 Qb3+ 44. Kf4 hxg6 
45. Qe5+ Kh7 46. Qe7 Qc4 47. Kf3 b4 48. Qh4+ Kg7 49. Qe7 Qb3+ 50. Kf4 Qc3 
51. Kg4 Qd4 52. Kf3 b3 53. Ke2 Qc4+ 54. Ke3 Kh7 55. Qf6 Kg8 56. Qe5 Qc1+ 
57. Kd3 b2 58. Qb8+ Kg7 59. Kd4 Qg1+ 60. Kc3 Qc1+ 61. Kd4 f5 62. Qe5+ Kh7 
63. Qe7+ Kh6 64. Qh4+ Kg7 65. Qe7+ Kh8 66. Qf8+ Kh7 67. Qe7+ Kh6 68. Qh4+ Kg7 
69. Qe7+ Kh8 70. Bb1 Qxb1 71. Qd8+ Kg7 72. Qe7+ Kh6 73. Qh4+ Kg7 74. Qe7+ Kh8 
75. Qe5+ Kh7 76. Qe7+ Kh6 77. Qh4+ Kg7 78. Qe7+ 1/2-1/2

[Event "Monday 23 April Rapid Engine Tour 12+1 Rounds 9 Starts 1600ST"]
[Site "Infinity Chess"]
[Date "2018.4.23"]
[Round "2"]
[White "MarioDeMonti"]
[Black "SkyPilot"]
[Result "1-0"]
[ECO "E90"]
[WhiteElo "2468"]
[BlackElo "2465"]
[WhiteEngine "stockfish_x64_bmi2_2018_02_18_CTG"]
[BlackEngine "stockfish_x64_bmi2_2018_04_07_CTG"]
[EventType "Swiss"]
[WhiteTeam ""]
[BlackTeam ""]
[PlyCount "187"]
[TimeControl "720+1"]

1. d4 Nf6 2. c4 g6 3. Nc3 Bg7 4. e4 d6 5. Nf3 O-O 6. Be2 e5 7. O-O Nc6 8. d5 Ne7 
9. b4 Ne8 10. a4 h6 11. Nd2 f5 12. a5 Nf6 13. f3 f4 14. c5 g5 15. a6 b6 
16. cxd6 cxd6 17. b5 Rf7 18. Na2 Bf8 19. Nc4 g4 20. Nb4 Rg7 21. fxg4 Nxg4 
22. Bf3 Bd7 23. Qe2 Nxh2 24. Kxh2 Bxb5 25. Bd2 Rc8 26. Rfc1 Rc5 27. Rc2 Ng6 
28. Be1 Nh4 29. Nc6 Qg5 30. Rac1 Bxa6 31. Bf2 Rb5 32. Bxh4 Qxh4+ 33. Kg1 Rc5 
34. Qf2 Qf6 35. Nb2 Bb5 36. Ra1 a5 37. Na4 Rxc2 38. Qxc2 Bxa4 39. Qxa4 h5 
40. Qb3 h4 41. Kf2 h3 42. gxh3 Qh4+ 43. Ke2 Qxh3 44. Qxb6 Rg3 45. Qf2 Qd7 
46. Kd3 Qb7 47. Kc2 Qb5 48. Rxa5 Qc4+ 49. Kb2 Rg7 50. Ra7 Rxa7 51. Qxa7 Qf1 
52. Qa3 Qf2+ 53. Kb1 Qg1+ 54. Kc2 Qf2+ 55. Kd1 Qb6 56. Kc1 Qf2 57. Bd1 Kg7 
58. Nd8 Be7 59. Ne6+ Kf7 60. Bh5+ Kg8 61. Qf3 Qxf3 62. Bxf3 Kf7 63. Bh5+ Kg8 
64. Kb2 Kh7 65. Kc3 Bh4 66. Kc4 Kh6 67. Bd1 Kg6 68. Kb5 Be1 69. Kc6 Bb4 
70. Nc7 Kf7 71. Kd7 Kf6 72. Nb5 Kg5 73. Nxd6 f3 74. Bxf3 Kf6 75. Nb7 Be1 
76. d6 Bh4 77. Kc6 Kg5 78. d7 Kf4 79. Kd6 Kxf3 80. Kxe5 Ke2 81. d8=Q Bxd8 
82. Nxd8 Ke3 83. Kd5 Kf4 84. e5 Kg5 85. e6 Kf6 86. Kd6 Kf5 87. e7 Ke4 
88. e8=Q+ Kf3 89. Qe1 Kg4 90. Qf2 Kg5 91. Ke5 Kh6 92. Qg2 Kh7 93. Kf6 Kh8 
94. Qg7# 1-0

[Event "Monday 23 April Rapid Engine Tour 12+1 Rounds 9 Starts 1600ST"]
[Site "Infinity Chess"]
[Date "2018.4.23"]
[Round "2"]
[White "Marsell"]
[Black "Time_bandit"]
[Result "1/2-1/2"]
[ECO "C55"]
[WhiteElo "2471"]
[BlackElo "2470"]
[WhiteEngine "BrainFish_180418_x64_bmi2"]
[BlackEngine "asmFishW_2018-04-11_bmi2"]
[EventType "Swiss"]
[WhiteTeam ""]
[BlackTeam ""]
[PlyCount "104"]
[TimeControl "720+1"]

1. e4 e5 2. Nf3 Nc6 3. Bc4 Nf6 4. d3 Bc5 5. c3 d6 6. O-O a5 7. Bg5 Ba7 
8. Nbd2 h6 9. Bh4 Qe7 10. Bb5 g5 11. Bg3 O-O 12. Nc4 Nh5 13. Bxc6 bxc6 
14. Nxa5 Nxg3 15. hxg3 Bd7 16. Qd2 f6 17. Nc4 h5 18. Ne3 Qh7 19. a4 h4 
20. g4 Bxe3 21. Qxe3 Bxg4 22. a5 Kf7 23. d4 Ke8 24. Nd2 Be6 25. f3 Ke7 
26. a6 Rg8 27. a7 g4 28. f4 Qh6 29. b3 Rh8 30. Nc4 Bxc4 31. bxc4 g3 
32. dxe5 fxe5 33. Rf3 h3 34. fxe5 h2+ 35. Kh1 Qxe3 36. exd6+ cxd6 37. Rxe3 Rhg8 
38. c5 dxc5 39. Ra6 Kd7 40. c4 Ke7 41. e5 Rg7 42. e6 Kd6 43. Rd3+ Kxe6 
44. Rxc6+ Kf5 45. Rd5+ Ke4 46. Rb6 Raxa7 47. Re6+ Kf4 48. Re1 Rgf7 49. Rf1+ Ke3 
50. Re1+ Kf4 51. Rf1+ Ke3 52. Re1+ Kf4 1/2-1/2

[Event "Monday 23 April Rapid Engine Tour 12+1 Rounds 9 Starts 1600ST"]
[Site "Infinity Chess"]
[Date "2018.4.23"]
[Round "2"]
[White "Katzenmaier"]
[Black "Eman"]
[Result "1/2-1/2"]
[ECO "E10"]
[WhiteElo "2498"]
[BlackElo "2481"]
[WhiteEngine "Raubfisch X36d1"]
[BlackEngine "Eman 1.70-beta24 64-bit POPCNT"]
[EventType "Swiss"]
[WhiteTeam ""]
[BlackTeam ""]
[PlyCount "82"]
[TimeControl "720+1"]

1. d4 Nf6 2. c4 e6 3. Nf3 d5 4. e3 b6 5. b3 Bd6 6. Bd3 Nbd7 7. Bb2 Bb7 
8. Nbd2 O-O 9. O-O Ne4 10. Rc1 Qe7 11. Ne5 Nxd2 12. Qxd2 Nxe5 13. dxe5 Bc5 
14. cxd5 Bxd5 15. Qc2 g6 16. Be4 Bxe4 17. Qxe4 Rad8 18. Rfd1 Rxd1+ 19. Rxd1 Rd8 
20. Rxd8+ Qxd8 21. Bd4 Bb4 22. Qc6 Bc5 23. Qe4 Bxd4 24. Qxd4 Qd5 25. Qxd5 exd5 
26. Kf1 Kg7 27. Ke2 f6 28. exf6+ Kxf6 29. Kd3 c5 30. e4 dxe4+ 31. Kxe4 Ke6 
32. a4 a6 33. h4 Kd6 34. g4 h5 35. f3 Ke6 36. gxh5 gxh5 37. f4 b5 38. axb5 axb5 
39. f5+ Kf6 40. Kd5 c4 41. bxc4 bxc4 1/2-1/2

[Event "Monday 23 April Rapid Engine Tour 12+1 Rounds 9 Starts 1600ST"]
[Site "Infinity Chess"]
[Date "2018.4.23"]
[Round "2"]
[White "Thinker"]
[Black "KRAKEN"]
[Result "1/2-1/2"]
[ECO "C50"]
[WhiteElo "2463"]
[BlackElo "2528"]
[WhiteEngine "BrainFish_180418_x64_modern_CTG"]
[BlackEngine "Raubfisch ME262_GTZ17b1_CTG"]
[EventType "Swiss"]
[WhiteTeam ""]
[BlackTeam ""]
[PlyCount "118"]
[TimeControl "720+1"]

1. e4 e5 2. Nf3 Nc6 3. Bc4 Bc5 4. O-O Nf6 5. d3 O-O 6. c3 d6 7. h3 a6 8. Re1 Ba7 
9. Bb3 h6 10. Nbd2 Re8 11. Nf1 Be6 12. Bc2 d5 13. Qe2 b5 14. Bd2 Qd7 15. Ng3 d4 
16. a4 Bc5 17. Rec1 Qd6 18. Qe1 Bb6 19. Rab1 Rad8 20. b4 dxc3 21. Bxc3 Ba7 
22. Bd1 Nh7 23. Bd2 Nd4 24. Nxd4 Bxd4 25. Be3 Bb6 26. axb5 axb5 27. Bc5 Qxd3 
28. Be2 Qd2 29. Bxb5 Qxe1+ 30. Rxe1 Bd7 31. Bxb6 cxb6 32. Be2 Be6 33. Bb5 Bd7 
34. Be2 Be6 35. f3 Nf6 36. Bb5 Re7 37. Red1 Rxd1+ 38. Rxd1 Rc7 39. Nf5 h5 
40. h4 Bxf5 41. exf5 Kf8 42. Re1 Rc3 43. Rxe5 Rb3 44. Kf2 Rxb4 45. g3 Rb2+ 
46. Be2 Nd7 47. Rd5 Nf6 48. Rb5 Rxb5 49. Bxb5 Ke7 50. Ke3 Kd6 51. Bc4 Ke5 
52. Kd3 Kxf5 53. Bxf7 Ke5 54. Bb3 b5 55. Bd1 Nd5 56. f4+ Nxf4+ 57. gxf4+ Kxf4 
58. Bxh5 g5 59. hxg5 Kxg5 1/2-1/2

[Event "Monday 23 April Rapid Engine Tour 12+1 Rounds 9 Starts 1600ST"]
[Site "Infinity Chess"]
[Date "2018.4.23"]
[Round "1"]
[White "beka"]
[Black "Thinker"]
[Result "0-1"]
[ECO "C77"]
[WhiteElo "2356"]
[BlackElo "2451"]
[WhiteEngine "Eman 1.70-beta21 64-bit"]
[BlackEngine "BrainFish_180418_x64_modern_CTG"]
[EventType "Swiss"]
[WhiteTeam ""]
[BlackTeam ""]
[PlyCount "154"]
[TimeControl "720+1"]

1. e4 e5 2. Nf3 Nc6 3. Bb5 a6 4. Ba4 Nf6 5. O-O Be7 6. Re1 b5 7. Bb3 O-O 
8. h3 Bb7 9. d3 d6 10. a3 Na5 11. Ba2 c5 12. Nc3 Nc6 13. Nd5 Nxd5 14. Bxd5 Qc7 
15. Bd2 a5 16. a4 b4 17. c3 Nb8 18. d4 exd4 19. cxd4 Nd7 20. Ba2 Rac8 
21. Rc1 Nb6 22. Bf4 Qd8 23. dxc5 dxc5 24. Qxd8 Bxd8 25. Bd6 c4 26. Bxf8 Kxf8 
27. b3 Bc6 28. Nd4 Bg5 29. Rc2 Ba8 30. Rce2 Rd8 31. Nb5 c3 32. Bb1 Nd7 
33. Rd1 Nc5 34. Rxd8+ Bxd8 35. Bc2 Bc6 36. Nd4 Bb7 37. Re1 Bb6 38. Nb5 Ba6 
39. Kf1 Ne6 40. Rc1 Nd4 41. Ke1 Bxb5 42. axb5 Nxc2+ 43. Rxc2 a4 44. bxa4 b3 
45. Rxc3 Ba5 46. Kd2 b2 47. Kc2 Bxc3 48. b6 Ke7 49. b7 Be5 50. a5 Kd7 51. a6 Kc7 
52. h4 h5 53. Kb1 Kb8 54. Kc2 Ka7 55. f3 Kxa6 56. b8=Q Bxb8 57. Kxb2 Kb5 
58. Kc3 Kc5 59. Kd3 Bg3 60. Kc3 Bxh4 61. Kd3 Bg5 62. g3 Be7 63. e5 Kd5 
64. e6 Kxe6 65. Ke2 Kf5 66. Kd3 g5 67. Ke2 g4 68. Ke3 gxf3 69. Kd3 Bg5 
70. Kc4 f2 71. Kb4 f1=Q 72. g4+ hxg4 73. Kc5 Ke5 74. Kb4 Kd4 75. Kb3 Qb1+ 
76. Ka4 Kc4 77. Ka3 Qa1# 0-1

[Event "Monday 23 April Rapid Engine Tour 12+1 Rounds 9 Starts 1600ST"]
[Site "Infinity Chess"]
[Date "2018.4.23"]
[Round "1"]
[White "SkyPilot"]
[Black "OlivierEvan"]
[Result "1/2-1/2"]
[ECO "B90"]
[WhiteElo "2468"]
[BlackElo "2390"]
[WhiteEngine "stockfish_x64_bmi2_2018_04_07_CTG"]
[BlackEngine "Houdini 6"]
[EventType "Swiss"]
[WhiteTeam ""]
[BlackTeam ""]
[PlyCount "143"]
[TimeControl "720+1"]

1. e4 c5 2. Nf3 d6 3. d4 cxd4 4. Nxd4 Nf6 5. Nc3 a6 6. Be3 e5 7. Nb3 Be6 
8. f3 h5 9. Qd2 Nbd7 10. Nd5 Bxd5 11. exd5 g6 12. O-O-O Nb6 13. Qa5 Bh6 
14. Bxh6 Rxh6 15. Qd2 Rh8 16. Na5 Qc7 17. c4 Kf8 18. Kb1 Kg7 19. Bd3 Nbd7 
20. Bc2 b5 21. Bd3 bxc4 22. Bxc4 e4 23. Nc6 Rhe8 24. fxe4 Qb6 25. Rhf1 Nxe4 
26. Qc2 a5 27. a4 Qc5 28. Qb3 Nef6 29. Rd3 Re4 30. Bb5 Ne5 31. Nxe5 Rxe5 
32. Rdf3 Nxd5 33. Rxf7+ Kh6 34. Rc1 Qd4 35. Rd1 Qc5 36. Qf3 Rc8 37. h4 Qe3 
38. g4 hxg4 39. Qxg4 Qb3 40. Qxc8 Qxd1+ 41. Qc1+ Qxc1+ 42. Kxc1 Re1+ 
43. Kc2 Nb4+ 44. Kc3 Rc1+ 45. Kb3 Rh1 46. Rf4 Rh3+ 47. Kc4 Kh5 48. Be8 Nd3 
49. Rf6 Nxb2+ 50. Kb5 Rxh4 51. Bxg6+ Kg5 52. Rxd6 Rxa4 53. Bc2 Rb4+ 54. Kc6 Nc4 
55. Rd5+ Kf6 56. Rf5+ Ke6 57. Rc5 Ne5+ 58. Kc7 a4 59. Ra5 Rc4+ 60. Kb7 a3 
61. Ka6 Rc3 62. Be4 Nf3 63. Bb1 Ke7 64. Ba2 Re3 65. Bb1 Nd4 66. Kb6 Kf6 
67. Ba2 Nc2 68. Bd5 Nb4 69. Bc4 a2 70. Ra7 Re7 71. Bxa2 Rxa7 72. Kxa7 1/2-1/2

[Event "Monday 23 April Rapid Engine Tour 12+1 Rounds 9 Starts 1600ST"]
[Site "Infinity Chess"]
[Date "2018.4.23"]
[Round "1"]
[White "angriff"]
[Black "MarioDeMonti"]
[Result "1/2-1/2"]
[ECO "C55"]
[WhiteElo "2398"]
[BlackElo "2471"]
[WhiteEngine "DracoREX 3.07 64BIT POPCNT_CTG"]
[BlackEngine "stockfish_x64_bmi2_2018_02_18_CTG"]
[EventType "Swiss"]
[WhiteTeam ""]
[BlackTeam ""]
[PlyCount "62"]
[TimeControl "720+1"]

1. e4 e5 2. Nf3 Nc6 3. Bc4 Nf6 4. d3 Bc5 5. O-O d6 6. c3 O-O 7. h3 a5 8. Nbd2 h6 
9. Re1 Be6 10. Bb5 Qb8 11. Nf1 Qa7 12. Re2 a4 13. Ng3 Qa5 14. Bxc6 bxc6 
15. Nh4 Rfe8 16. Re1 d5 17. exd5 Nxd5 18. Nhf5 Qb6 19. Qg4 Bxf2+ 20. Kh1 g6 
21. Re2 h5 22. Qg5 Bxf5 23. Nxf5 Bc5 24. Nh6+ Kg7 25. Nf5+ Kg8 26. Nh6+ Kg7 
27. g4 f6 28. Nf5+ Kf7 29. Nh6+ Kg7 30. Nf5+ Kf7 31. Nh6+ Kg7 1/2-1/2

[Event "Monday 23 April Rapid Engine Tour 12+1 Rounds 9 Starts 1600ST"]
[Site "Infinity Chess"]
[Date "2018.4.23"]
[Round "1"]
[White "Time_bandit"]
[Black "MedusaV3"]
[Result "1/2-1/2"]
[ECO "C77"]
[WhiteElo "2473"]
[BlackElo "2407"]
[WhiteEngine "asmFishW_2018-04-11_bmi2"]
[BlackEngine "Eman 1.70-beta23 64-bit BMI2_CTG"]
[EventType "Swiss"]
[WhiteTeam ""]
[BlackTeam ""]
[PlyCount "119"]
[TimeControl "720+1"]

1. e4 e5 2. Nf3 Nc6 3. Bb5 a6 4. Ba4 Nf6 5. O-O Be7 6. Re1 b5 7. Bb3 O-O 
8. c3 d5 9. exd5 Nxd5 10. Nxe5 Nxe5 11. Rxe5 c6 12. d4 Bd6 13. Re1 Qh4 
14. g3 Qh3 15. Be3 Bg4 16. Qd3 Rae8 17. Nd2 Re6 18. a4 Qh5 19. axb5 axb5 
20. Nf1 Bf5 21. Qd2 Bh3 22. Bd1 Qg6 23. Bf3 Qf5 24. Qd1 h5 25. Ra6 Bb8 
26. Bh1 h4 27. Bd2 Rf6 28. Qe2 Re6 29. Qf3 Rxe1 30. Bxe1 Bf4 31. Bg2 Bg4 
32. Qe4 Qc8 33. Ra1 Re8 34. Qb1 Bf5 35. Qd1 Bg4 36. Qd3 Bh6 37. Bf3 Nf6 
38. Bxg4 Qxg4 39. Bd2 Bxd2 40. Nxd2 Qe2 41. Qxe2 Rxe2 42. Nf3 Rxb2 43. Ng5 g6 
44. gxh4 Nd5 45. Kg2 Rc2 46. Ra8+ Kg7 47. Ra7 Rxc3 48. Rxf7+ Kg8 49. f3 Rd3 
50. Rb7 Nf4+ 51. Kf2 Rxd4 52. Ke3 Ra4 53. Rb8+ Kg7 54. Rb7+ Kf6 55. Ne4+ Ke5 
56. Re7+ Kf5 57. Rf7+ Ke5 58. Re7+ Kf5 59. Rf7+ Ke5 60. Re7+ 1/2-1/2

[Event "Monday 23 April Rapid Engine Tour 12+1 Rounds 9 Starts 1600ST"]
[Site "Infinity Chess"]
[Date "2018.4.23"]
[Round "1"]
[White "ocirema"]
[Black "Marsell"]
[Result "1/2-1/2"]
[ECO "C55"]
[WhiteElo "2423"]
[BlackElo "2473"]
[WhiteEngine "Eman 1.70-beta21 64-bit POPCNT_CTG"]
[BlackEngine "BrainFish_180418_x64_bmi2"]
[EventType "Swiss"]
[WhiteTeam ""]
[BlackTeam ""]
[PlyCount "92"]
[TimeControl "720+1"]

1. e4 e5 2. Nf3 Nc6 3. Bc4 Nf6 4. d3 Bc5 5. c3 d6 6. O-O O-O 7. Re1 a5 
8. Nbd2 h6 9. Nf1 a4 10. Bb5 a3 11. b4 Bb6 12. Bc4 Ng4 13. Re2 Ne7 14. h3 Nf6 
15. Ng3 Ng6 16. Bb3 d5 17. d4 Nxe4 18. Nxe4 dxe4 19. Rxe4 exd4 20. Nxd4 Qf6 
21. Be3 Bd7 22. Qf1 Rae8 23. Qd3 c6 24. Rxe8 Rxe8 25. Rd1 Nf4 26. Bxf4 Qxf4 
27. Qf3 Qxf3 28. Nxf3 Bf5 29. Kf1 g5 30. Nd4 Bxd4 31. Rxd4 Kg7 32. g4 Bc8 
33. Rd3 f5 34. f3 h5 35. gxh5 f4 36. Rd6 Bf5 37. b5 Re3 38. bxc6 Rxf3+ 
39. Kg2 Rg3+ 40. Kf2 bxc6 41. Rxc6 Rxh3 42. Rc5 Kf6 43. Rc6+ Ke5 44. Rc5+ Kf6 
45. Rc6+ Ke5 46. Rc5+ Kf6 1/2-1/2